 Dungeon Crawl Stone Soup version 0.29.0-5-ge4962eb29e (webtiles) character file.

Game seed: 7470391062094525487

720 Sobieck the Sneak (level 7, -4/32 HPs)
             Began as a Vine Stalker Earth Elementalist on Aug 29, 2022.
             Slain by Dowan
             ... wielding a +2 dagger of flaming
              (7 damage)
             ... on level 5 of the Dungeon.
             The game lasted 00:10:16 (3905 turns).

Sobieck the Sneak (Vine Stalker Earth Elementalist) Turns: 3905, Time: 00:10:16

Health: -4/32      AC:  4    Str: 10    XL:     7   Next: 70%
Magic:  0/11       EV: 12    Int: 17    God:
Gold:   79         SH:  0    Dex: 15    Spells: 3/10 levels left

rFire   . . .      SeeInvis +   a - +2 short sword (venom) {short}
rCold   . . .      Faith    .   (no shield)
rNeg    . . .      Spirit   +   n - +0 robe
rPois   .          Reflect  .   (no helmet)
rElec   .          Harm     .   z - +1 cloak
rCorr   .          Rampage  .   (no gloves)
Will    +....                   (no boots)
Stlth   +++.......              m - amulet of magic regeneration {@e2}
HPRegen 0.90/turn               u - ring of see invisible
MPRegen 0.52/turn               x - ring of willpower

@: no status effects
A: fangs 2, regeneration 1, magic shield, antimagic bite, no potion heal 2
a: no special abilities


You were on level 5 of the Dungeon.
You visited 1 branch of the dungeon, and saw 5 of its levels.

You collected 260 gold pieces.
You spent 181 gold pieces at shops.


Innate Abilities, Weirdness & Mutations

You have extremely sharp teeth.
Your natural rate of healing is unusually fast.
When hurt, damage is shared between your health and your magic reserves.
Your bite disrupts and absorbs the magic of your enemies.
Potions cannot restore your health.


   Skills:
 + Level 3.9 Short Blades
 - Level 1.5 Dodging
 + Level 6.7 Stealth
 - Level 2.1 Spellcasting
 - Level 1.0 Transmutations
 + Level 5.7 Earth Magic


You had 3 spell levels left.
You knew the following spells:

 Your Spells              Type           Power      Damage    Failure   Level
a - Sandblast             Erth           42%        2d11      1%          1
b - Passwall              Tmut/Erth      10%        N/A       8%          2
c - Petrify               Tmut/Erth      13%        N/A       43%         4

Your spell library contained the following spells:

 Spells                   Type           Power      Damage    Failure   Level
 Summon Small Mammal      Summ           4%         N/A       19%         1
 Stone Arrow              Conj/Erth      22%        3d8       19%         3
 Call Canine Familiar     Summ           1%         N/A       50%         3
 Summon Guardian Golem    Hex/Summ       1%         N/A       50%         3
 Iskenderun's Battlesphe  Conj           1%         2d6       99%         5
 Iron Shot                Conj/Erth      5%         9d2       100%        6
 Spellforged Servitor     Conj/Summ      0%         N/A       100%        7

Inventory:

Hand Weapons
 a - a +2 short sword of venom (weapon) {short}
   (You found it on level 5 of the Dungeon)
 l - a +0 whip {mace}
   (You found it on level 1 of the Dungeon)
 r - a +0 dagger {short}
   (You took it off a kobold on level 1 of the Dungeon)
 A - a +0 short sword {short}
   (You took it off a kobold on level 2 of the Dungeon)
 E - a +0 dagger of venom {short}
   (You found it on level 1 of the Dungeon)
 M - a +1 dagger of venom {short}
   (You took it off a goblin on level 3 of the Dungeon)
Missiles
 c - 20 poisoned darts {throwing}
 k - 79 stones {throwing}
 v - 4 boomerangs {throwing}
Armour
 e - a +0 ring mail
   (You found it on level 2 of the Dungeon)
 h - a +0 robe
   (You found it on level 1 of the Dungeon)
 n - a +0 robe (worn)
 p - a +0 chain mail
   (You found it on level 1 of the Dungeon)
 q - a +0 leather armour
   (You found it on level 1 of the Dungeon)
 y - a +0 scale mail
   (You took it off a gnoll sergeant on level 4 of the Dungeon)
 z - a +1 cloak (worn)
   (You found it on level 2 of the Dungeon)
 B - a +0 leather armour
   (You found it on level 2 of the Dungeon)
 C - a +0 ring mail
   (You found it on level 2 of the Dungeon)
 F - a +0 leather armour
   (You found it on level 3 of the Dungeon)
 H - a +0 robe
   (You took it off Sigmund on level 3 of the Dungeon)
 I - a +0 ring mail
   (You found it on level 3 of the Dungeon)
 J - a +0 robe
   (You found it on level 3 of the Dungeon)
 L - a +0 scale mail
   (You took it off a hobgoblin on level 4 of the Dungeon)
 N - a +0 leather armour
   (You found it on level 5 of the Dungeon)
Jewellery
 m - an amulet of magic regeneration (around neck) {@e2}
   (You found it on level 1 of the Dungeon)
 o - an amulet of faith {!P}
   (You found it on level 4 of the Dungeon)
 u - a ring of see invisible (left hand)
   (You found it on level 2 of the Dungeon)
 x - a ring of willpower (right hand)
   (You found it on level 2 of the Dungeon)
Wands
 t - a wand of paralysis (8)
   (You found it on level 5 of the Dungeon)
 K - a wand of flame (13)
   (You found it on level 3 of the Dungeon)
Scrolls
 d - a scroll of butterflies
 w - 3 scrolls of noise {!r}
 D - 2 scrolls of identify {@r1}
Potions
 b - 5 potions of magic
 f - 4 potions of curing {@q1}
 g - 2 potions of attraction {!q}
 i - a potion of might
 j - 2 potions of mutation {!q}
 s - 2 potions of ambrosia
 G - 2 potions of resistance

Dungeon Overview and Level Annotations

Branches:
Dungeon (5/15) Zot: 26079
 Temple: D:4-7

Altars:
Dithmenos
Zin

Shops:
D:2 ?:   D:3 [

Annotations:
D:5 Dowan

**,* ##...#******#...#### *,**
#..#..#,,,*,..,** *,,*
#.###....,,,,,,,**** * **,* #.#
*.....,,,,,,,#.. ****,* #.#
*,....,,,,,,,#.# ,,**,*****
###.###,....,,,,,,..,. ,,,,,,,,,*
#.....#*,...^,,,..#*#e
**,,,,,,,**#.....#**,,,,8*8.,**#.
***,,**,,*#....@# ***,,*,*,,**..
*,,,,,,,,,#....e#*****,8*8,**#.#
*,,,,>,,.........,,,,,,,,,,*,,,*
*,,,,,,*.##.....##********,,,***
*,,,,,,#,,#......,*** ***,*
*,,,,,,**,#.....#,,,********,*
*,,,,,,**,.....##**,,,,,,,,,,*
*,,,,,,**#####.***************
*,,,,,,* *,,,,,,,,,,,,,*****


You could see Dowan (fast, extremely poisoned).


Message History

Okay, then.
Unknown command.
You kill the gnoll sergeant!
Unknown command.
Unknown command.
Unknown command.
y - a +0 scale mail
Things that are here:
a +0 trident {polearm}; a gnoll corpse Unknown command.
There is a stone staircase leading down, spattered with blood here.
You start resting.
You start resting.
Your butterfly disappears in a burst of colours!
You climb downwards.
Level annotation: Dowan
There is a stone staircase leading up, spattered with blood here.
Unknown command.
Unknown command.
Unknown command.
No target in view!
You see here a +0 leather armour.
Danger!
You see here 17 gold pieces.
The blast of sand hits the gnoll!
The gnoll hits you from afar with a +0 spear.
The gnoll hits you with a +0 spear.
You hit the gnoll.
The gnoll is poisoned.
You bite the gnoll.
You kill the gnoll!
No target in view!
Things that are here:
a +0 spear {polearm}; a gnoll corpse You see here a +2 short sword of venom {short}.
You see here a +2 short sword of venom {short}.
M - a +2 short sword of venom {short} Adjust (i)tems, (s)pells, or (a)bilities?
M - a +2 short sword of venom {short} Adjust to which letter? (? for menu, Esc to quit)
a - a +2 short sword of venom {short}
M - a +1 dagger of venom (weapon)
{short} Your +1 dagger of venom {short} stops dripping with poison.
Your +2 short sword of venom {short} begins to drip with poison!
a - a +2 short sword of venom (weapon)
{short}
Okay, then.
Unknown command.
You now have 79 gold pieces (gained 17).
N - a +0 leather armour
Things that are here:
a +0 spear {polearm}; a gnoll corpse
k - 79 stones {throwing} (gained 5) Dowan is nearby!
Danger!
Dowan seems to find hidden reserves of power!
Unknown command.
No target in view!
Unknown command.
Danger!
You start waiting.
Dowan is nearby!
Danger!
Unknown command.
Unknown command.
You start waiting.
Dowan is nearby!
Danger!
Danger!
Dowan hits you with a +2 dagger of flaming.
Dowan burns you. Dowan closely misses you.
You hit Dowan but do no damage.
Dowan is poisoned.
Your bite misses Dowan.
Dowan hits you with a +2 dagger of flaming.
Dowan burns you.
You hit Dowan but do no damage.
Dowan looks even sicker.
Your bite misses Dowan.
Dowan hits you with a +2 dagger of flaming.
Dowan burns you.
Dowan hits you with a +2 dagger of flaming.
Dowan burns you.
You barely miss Dowan. You bite Dowan, but do no damage.
Dowan hits you with a +2 dagger of flaming.
Dowan burns you.
Unknown command.
You hit Dowan.
Dowan looks as sick as possible!
You bite Dowan, but do no damage.
Dowan breathes, "And she was my only..."
Dowan points at you and mumbles some strange words.
The shard of ice hits you!
* * * LOW HITPOINT WARNING * * *
Casting: Sandblast (safe; 1% risk of failure)
Confirm with . or Enter, or press ? or * to list all spells.
Aiming: Sandblast (safe; 1% risk of failure)
Press: ? - help, Shift-Dir - straight line, f - Dowan
Aim: Dowan, wielding a +2 dagger of flaming and wearing a +2 robe of cold resistance (moderately wounded, fast, extremely poisoned, 76% to hit)
The blast of sand hits Dowan!
Dowan hits you with a +2 dagger of flaming.
* * * LOW HITPOINT WARNING * * *
Dowan burns you.
* * * LOW HITPOINT WARNING * * *
Dowan hits you with a +2 dagger of flaming.
* * * LOW HITPOINT WARNING * * *
Dowan burns you.
* * * LOW HITPOINT WARNING * * *
Dowan hits you with a +2 dagger of flaming!
You die...

Skill      XL: |  1  2  3  4  5  6  7 |
---------------+----------------------+-----
Stealth        | 3 4 5 6 |  6.7
Short Blades   | 1 2 3 |  3.9
Earth Magic    | 4 5 |  5.7
Dodging        | |  1.5
Spellcasting   | |  2.1
Transmutations | |  1.0

Action                   |  1- 3 |  4- 6 |  7- 9 || total
-------------------------+-------+-------+-------++-------
Melee: Dagger            |    27 |    91 |    51 ||   169
       Bite              |     9 |    20 |    15 ||    44
       Punch             |     1 |       |       ||     1
       Short sword       |       |       |     4 ||     4
 Cast: Sandblast         |    31 |    14 |    16 ||    61
       Passwall          |       |       |     1 ||     1
  Use: Scroll            |     3 |     6 |     4 ||    13
 Stab: Sleeping          |     1 |     2 |     2 ||     5
Armor: Robe              |     4 |    17 |     7 ||    28
Dodge: Dodged            |    14 |    60 |    26 ||   100

Levels and vault maps discovered:
D:1:      saegor_arrival_simple_d, layout_loops_corners,
          shapermc_ecumenical_altar_mp_vishouse, minmay_pentomino_s2
D:2:      cheibrodos_fertilizer, layout_loops_ring, basic_altar, serial_shops,
          nicolae_shop_crystal, nicolae_square_shop
D:3:      layout_rooms, serial_shops, shop, uniq_sigmund
D:4:      layout_loops_cross, nicolae_dithmenos_through_a_glass_darkly
D:5:      layout_rooms, st_stairs_8, minmay_statues_item, uniq_duvessa

Notes
Turn   | Place    | Note
-------+----------+-------------------------------------------
     0 | D:1      | Sobieck the Vine Stalker Earth Elementalist began the quest
                  | for the Orb.
     0 | D:1      | Reached XP level 1. HP: 9/9 MP: 4/4
   142 | D:1      | You fall into a shaft and drop 1 floor!
   142 | D:2      | Found Nyoss's Book Emporium.
   291 | D:2      | Found a glowing silver altar of Zin.
   345 | D:1      | Reached skill level 3 in Stealth
   345 | D:1      | Reached XP level 2. HP: 13/13 MP: 3/6
   480 | D:1      | You pick up a book of Power and begin reading...
   480 | D:1      | You add the spells Iskenderun's Battlesphere, Iron Shot and
                  | Spellforged Servitor to your library.
   828 | D:1      | Found a faded altar of an unknown god.
  1124 | D:1      | Learned a level 2 spell: Passwall
  1323 | D:2      | Reached XP level 3. HP: 16/16 MP: 7/7
  1345 | D:2      | Found Annutt's Magic Scroll Shoppe.
  1405 | D:2      | Bought a scroll of noise for 11 gold pieces
  1405 | D:2      | Bought a scroll of identify for 22 gold pieces
  1405 | D:2      | Bought a scroll of fear for 44 gold pieces
  1699 | D:2      | Reached skill level 1 in Short Blades
  1809 | D:2      | You pick up a book of Callings and begin reading...
  1809 | D:2      | You add the spells Summon Small Mammal, Call Canine
                  | Familiar and Summon Guardian Golem to your library.
  1869 | D:2      | Reached skill level 4 in Stealth
  1869 | D:2      | Gained mutation: Your natural rate of healing is unusually
                  | fast. [Vine Stalker growth]
  1869 | D:2      | Reached XP level 4. HP: 21/21 MP: 8/8
  1876 | D:2      | Reached skill level 4 in Earth Magic
  2002 | D:3      | Reached XP level 5. HP: 22/24 MP: 9/9
  2063 | D:2      | Bought a scroll of identify for 22 gold pieces
  2204 | D:3      | Reached skill level 2 in Short Blades
  2278 | D:3      | Found Zythom Fadei's Antique Armour Shoppe.
  2360 | D:3      | Noticed Sigmund
  2375 | D:3      | Killed Sigmund
  2376 | D:3      | Reached skill level 5 in Stealth
  2376 | D:3      | Reached XP level 6. HP: 23/28 MP: 8/10
  2672 | D:4      | Reached skill level 3 in Short Blades
  2746 | D:4      | Reached skill level 5 in Earth Magic
  3052 | D:2      | Bought a scroll of enchant armour for 82 gold pieces
  3087 | D:3      | Learned a level 4 spell: Petrify
  3170 | D:4      | Reached XP level 7. HP: 32/32 MP: 9/11
  3205 | D:4      | Found a shadowy altar of Dithmenos.
  3227 | D:4      | Reached skill level 6 in Stealth
  3624 | D:5      | Entered Level 5 of the Dungeon
  3653 | D:5      | Noticed Duvessa
  3661 | D:5      | Noticed Dowan
  3665 | D:5      | HP: 7/32 [Dowan/+2 dagger of flaming (3)]
  3685 | D:5      | Killed Duvessa
  3779 | D:4      | HP: 5/32 [gnoll sergeant/+0 trident (5)]
  3781 | D:4      | HP: 1/32 [gnoll sergeant/+0 trident (3)]
  3905 | D:5      | HP: 8/32 [Dowan/+2 dagger of flaming (4)]
  3905 | D:5      | HP: 3/32 [Dowan/+2 dagger of flaming (1)]
  3905 | D:5      | Slain by Dowan

Vanquished Creatures
  Sigmund (D:3)
  Duvessa (D:5)
  A gnoll sergeant (D:4)
  A scorpion (D:4)
  3 jellies
  An orc priest (D:4)
  An iguana (D:4)
  10 adders
  3 gnolls
  A worm (D:3)
  A dart slug (D:3)
  4 orcs
  5 ball pythons
  3 bats
  12 endoplasms
  3 goblins
  6 hobgoblins
  6 jackals
  4 quokkas
  3 frilled lizards
  11 kobolds
  5 rats
86 creatures vanquished.

Vanquished Creatures (others)
  A fungus (D:2)
  6 toadstools (D:2)
7 creatures vanquished.

Grand Total: 93 creatures vanquished

Table legend:
 A = Non-vault XP
 B = Vault XP
 C = Vault XP percentage of total XP
 D = Non-vault monster count
 E = Vault monster count
 F = Vault count percentage of total count
                 A         B        C        D         E       F
            +---------+---------+-------+---------+---------+-------
      Total |     535 |     494 |  48.0 |      65 |      21 |  24.4
            +---------+---------+-------+---------+---------+-------
        D:1 |      27 |       0 |   0.0 |      16 |       0 |   0.0
        D:2 |      26 |     113 |  81.3 |       9 |      17 |  65.4
        D:3 |      69 |     223 |  76.4 |      17 |       1 |   5.6
        D:4 |     369 |       0 |   0.0 |      19 |       0 |   0.0
        D:5 |      44 |     158 |  78.2 |       4 |       3 |  42.9
            +---------+---------+-------+---------+---------+-------

Illustrated notes

Table legend:
 A = Kills in this place as a percentage of kills in entire the game.
 B = Kills by you in this place as a percentage of kills by you in the entire game.
 C = Kills by friends in this place as a percentage of kills by friends in the entire game.
 D = Other kills in this place as a percentage of other kills in the entire game.
 E = Experience gained in this place as a percentage of experience gained in the entire game.
 F = Experience gained in this place divided by the number of levels of this place that you have seen.
                   A       B       C       D       E      F
               +-------+-------+-------+-------+-------+----------------------
         Total | 100.0 | 100.0 |   N/A |   N/A | 100.0 | 205.8
       Dungeon | 100.0 | 100.0 |   N/A |   N/A | 100.0 | 205.8
               +-------+-------+-------+-------+-------+----------------------

Table legend: (Time is in decaauts)
 A = Elapsed time spent in this place.
 B = Non-inter-level travel time spent in this place.
 C = Inter-level travel time spent in this place.
 D = Time resting spent in this place.
 E = Time spent auto-exploring this place.
 F = Levels seen in this place.
 G = Mean time per level.
                   A        B        C        D        E       F      G
               +--------+--------+--------+--------+--------+-----+--------+
         Total |   3918 |   3567 |    351 |    166 |   2723 |   5 |  783.6 |
       Dungeon |   3918 |   3567 |    351 |    166 |   2723 |   5 |  783.6 |
               +--------+--------+--------+--------+--------+-----+--------+

Top non-repeatable levels by time:
     D:1: 1130 daAuts
     D:2: 994 daAuts
     D:4: 880 daAuts
     D:3: 707 daAuts
     D:5: 205 daAuts
